 Dungeon Crawl Stone Soup version 0.22.1-1-ga44c0e5 (webtiles) character file.

319 Goblin1989 the Changer (level 6, 0/43 HPs)
             Began as a Demonspawn Transmuter on Sept 20, 2018.
             Killed by divine providence
             ... invoked by an orc priest
              (12 damage)
             ... on level 4 of the Dungeon on Sept 28, 2018.
             The game lasted 00:09:02 (3644 turns).

Goblin1989 the Changer (Demonspawn Transmuter)      Turns: 3644, Time: 00:09:03

Health: 0/43       AC:  2    Str: 13    XL:     6   Next: 21%
Magic:  9/9        EV: 16    Int: 14    God:
Gold:   122        SH:  0    Dex: 13    Spells: 3/9 levels left

rFire    . . .     SeeInvis .     - Unarmed
rCold    . . .     Gourm    .   (no shield)
rNeg     . . .     Faith    .   b - +0 robe
rPois    .         Spirit   .   (helmet restricted)
rElec    .         Reflect  .   (no cloak)
rCorr    .         Harm     .   (no gloves)
MR       .....                  (no boots)
Stlth    +.........             (no amulet)
HPRegen  0.14/turn              M - +4 ring of evasion
MPRegen  0.11/turn              (no ring)

@: very slightly contaminated, starving
A: antennae 1, claws 1, hooves 1
a: no special abilities


You were on level 4 of the Dungeon.
You were starving.

You visited 1 branch of the dungeon, and saw 5 of its levels.

You collected 122 gold pieces.

Inventory:

Missiles
 a - 28 arrows
 W - 39 sling bullets
 X - 17 poisoned needles
 Y - 116 stones {@Q3}
 Z - 2 throwing nets (quivered) {!d , @Q1}
Armour
 b - a +0 robe (worn)
 H - a +0 chain mail
Jewellery
 M - a +4 ring of evasion (left claw)
Scrolls
 R - 3 scrolls of identify {@r1}
Potions
 F - a potion of cancellation {unknown}
 G - a potion of might {@q4}
 I - a potion of haste {unknown}
 J - a potion of lignification {unknown}
 K - a potion of berserk rage {unknown}
 O - a potion of flight {unknown}
 P - a potion of heal wounds {unknown}
 Q - a potion of agility {unknown}
 S - a potion of curing {@q1}
 T - a potion of magic
Comestibles
 e - 4 rations


   Skills:
 - Level 1.0 Fighting
 - Level 1.7 Dodging
 - Level 2.6 Unarmed Combat
 - Level 2.0 Spellcasting
 + Level 6.0 Transmutations


You had 3 spell levels left.
You knew the following spells:

 Your Spells              Type           Power        Failure   Level  Hunger
a - Beastly Appendage     Tmut           ###...       1%          1    ##.....
b - Sticks to Snakes      Tmut           ###.....     3%          2    ###....
c - Spider Form           Tmut/Pois      #.........   21%         3    ####...

Your spell library contained the following spells:

 Spells                   Type           Power        Failure   Level  Hunger
 Blade Hands              Tmut           ###.......   47%         5    ######.
 Ice Form                 Ice/Tmut       #.......     56%         4    #####..


Dungeon Overview and Level Annotations

Branches:
Dungeon (5/15)
 Temple: D:4-7

Altars:
Hepliaklqana
Kikubaaqudgha
Vehumet

Annotations:
D:2 2 transporters


Innate Abilities, Weirdness & Mutations

You have a pair of small antennae on your head.
You have sharp fingernails.
You have large cloven feet.


Message History

Eustachio hits you with a falchion.
* * * LOW HITPOINT WARNING * * *
You take 3 damage, and have 10/37 hp.
You barely miss Eustachio.
Eustachio is moderately wounded.
Eustachio gestures wildly while chanting.
The river rat closely misses you.
You hit Eustachio.
Eustachio looks as sick as possible!
Eustachio is heavily wounded.
The rat disappears in a puff of smoke!
Eustachio mumbles some strange words.
Eustachio blinks!
The river rat completely misses you.
You closely miss Eustachio.
Eustachio is heavily wounded.
Eustachio completely misses you. The river rat barely misses you.
You hit Eustachio but do no damage.
Eustachio looks as sick as possible!
Eustachio is heavily wounded.
Eustachio completely misses you. The river rat barely misses you.
You hit Eustachio but do no damage.
Eustachio looks as sick as possible!
Eustachio is severely wounded.
You hear the slow rusting of a distant drain.
Eustachio gestures wildly while chanting.
The river rat completely misses you.
You barely miss Eustachio.
Eustachio is severely wounded.
Your transformation has ended.
Your +0 robe unmelds from your body.
Eustachio barely misses you. The river rat barely misses you.
You scratch Eustachio but do no damage.
Eustachio is severely wounded.
Eustachio gestures wildly while chanting.
The river rat closely misses you.
You closely miss Eustachio.
Eustachio is severely wounded.
Eustachio gestures wildly while chanting.
The river rat completely misses you.
You miss Eustachio.
Eustachio is almost dead.
Eustachio hits you with a falchion.
* * * LOW HITPOINT WARNING * * *
The river rat misses you.
You take 2 damage, and have 9/37 hp.
Unknown command.
You claw Eustachio!
You kill Eustachio!
The river rat disappears in a puff of smoke! x2
The rat disappears in a puff of smoke!
The shadow imp disappears in a puff of smoke!
The river rat disappears in a puff of smoke!
Your Transmutations skill increases to level 6!
You have reached level 6!
Your experience leads to an increase in your attributes!
Increase (S)trength, (I)ntelligence, or (D)exterity?
You feel stronger.
Your demonic ancestry asserts itself...
Your feet thicken and deform.
Unknown command.
Items here: )) [[ a falchion; a leather armour; a halberd; a robe You see here a chain mail.
A hound comes into view.
MP restored: 9 You see here a chain mail.
A frilled lizard comes into view.
Blink to where?
Press: ? - help, Dir - move target cursor You are very lightly contaminated with residual magic.
As you read the scroll labeled EDEKHLIU UDWA, it crumbles to dust.
It was a scroll of blinking.
As you read the scroll labeled GUAHUA FUTIM, it crumbles to dust.
You feel strangely unstable.
It was a scroll of teleportation.
You hear the slow rusting of a distant drain.
As you read the scroll labeled IXZONO MUCOS, it crumbles to dust.
You feel blessed for a moment.
It was a scroll of remove curse.
As you read the scroll labeled LEGIF JICHOTEA, it crumbles to dust.
You assume a fearsome visage.
Nothing appears to happen.
It was a scroll of fear.
As you read the scroll labeled OLEXAU QETEIRO, it crumbles to dust.
It is a scroll of identify.
T - a potion of magic;
R - 4 scrolls of identify
As you read the scroll of identify {@r1}, it crumbles to dust.
G - a potion of might Your surroundings suddenly seem different.
An orc comes into view. It is wielding a falchion.
The orc shouts!
An orc comes into view. It is wielding a morningstar.
The orc shouts!
An orc comes into view. It is wielding a short sword.
The orc shouts!
An orc priest comes into view. It is wielding a dagger.
You open the door.
There is an open door here.
You are starving!
The orc priest looks encouraged for a moment.
The orc priest mumbles some strange prayers to Beogh against you.
Beogh smites you!
* * * LOW HITPOINT WARNING * * *
You take 8 damage, and have 12/43 hp.
The orc priest invokes the aid of Beogh against you.
Beogh smites you!
You die... █.█ █o█ █.█ █o█

█.█ █.█ █.█
█.████████████████
█.ooo....o@.......
█.████████████████
███


You could see an orc priest and 2 orcs.

Vanquished Creatures
  Eustachio (D:4)
  Blork the orc (D:4)
  7 adders
  2 oozes
  A dart slug (D:2)
  3 leopard geckos
  An orc (D:3)
  2 giant cockroaches
  7 goblins
  4 hobgoblins
  4 jackals (D:3)
  3 kobolds
  A ball python (D:2)
  3 bats
  4 frilled lizards
  7 rats
51 creatures vanquished.

Vanquished Creatures (others)
  A worm (D:2)
1 creature vanquished.

Grand Total: 52 creatures vanquished

Notes
Turn   | Place    | Note
-------+----------+-------------------------------------------
     0 | D:1      | Goblin1989 the Demonspawn Transmuter began the quest for
                  | the Orb.
     0 | D:1      | Reached XP level 1. HP: 15/15 MP: 3/3
    40 | D:1      | Reached skill level 2 in Transmutations
   353 | D:1      | Gained mutation: You have a pair of small antennae on your
                  | head. [demonic ancestry]
   353 | D:1      | Reached XP level 2. HP: 6/21 MP: 3/5
   598 | D:1      | Learned a level 2 spell: Sticks to Snakes
   895 | D:2      | Found a radiant altar of Vehumet.
   974 | D:1      | Reached skill level 3 in Transmutations
  1050 | D:2      | Noticed a wight
  1052 | D:2      | Found a transporter.
  1052 | D:2      | Found an ancient bone altar of Kikubaaqudgha.
  1052 | D:2      | Noticed a sky beast
  1157 | D:2      | Reached XP level 3. HP: 21/26 MP: 6/6
  1162 | D:2      | Learned a level 3 spell: Spider Form
  1416 | D:2      | Found a hazy altar of Hepliaklqana.
  1668 | D:2      | Found a transporter.
  2322 | D:3      | Reached XP level 4. HP: 32/32 MP: 7/7
  2352 | D:3      | Reached skill level 4 in Transmutations
  3461 | D:3      | You fall through a shaft for 2 floors!
  3461 | D:5      | Entered Level 5 of the Dungeon
  3507 | D:4      | Noticed Eustachio
  3552 | D:4      | Noticed Blork the orc
  3562 | D:4      | Killed Blork the orc
  3562 | D:4      | Reached skill level 5 in Transmutations
  3562 | D:4      | Gained mutation: You have sharp fingernails. [demonic
                  | ancestry]
  3562 | D:4      | Reached XP level 5. HP: 13/37 MP: 4/8
  3573 | D:4      | Killed Eustachio
  3573 | D:4      | Reached skill level 6 in Transmutations
  3573 | D:4      | Gained mutation: You have large cloven feet. [demonic
                  | ancestry]
  3573 | D:4      | Reached XP level 6. HP: 10/43 MP: 5/9
  3644 | D:4      | Killed from afar by an orc priest

Skill      XL: |  1  2  3  4  5 |
---------------+----------------+-----
Transmutations | 2 3 5 6 |  6.0
Fighting       | |  1.0
Dodging        | |  1.7
Unarmed Combat | |  2.6
Spellcasting   | |  2.0

Action                   |  1- 3 |  4- 6 || total
-------------------------+-------+-------++-------
Melee: Unarmed           |   166 |    95 ||   261
       Kick              |     5 |     7 ||    12
 Cast: Beastly Appendage |     5 |     5 ||    10
       Spider Form       |       |     1 ||     1
  Use: Potion            |       |     1 ||     1
       Scroll            |       |     6 ||     6
 Stab: Sleeping          |     1 |       ||     1
  Eat: Chunk             |     4 |     3 ||     7
Armor: Robe              |    15 |     9 ||    24
Dodge: Dodged            |   120 |    84 ||   204

Vault maps used:
D:1:      sevenhm_arrival_forest_fort_small_3
D:2:      gammafunk_temple_overflow_arena, overflow_temple_1_default,
          fiery_altar_vehumet
D:3:      kennysheep_generic_room_13
D:4:      nicolae_overflow_crystal_walls, gup_sewer_entry_glass, uniq_menkaure,
          uniq_edmund, uniq_blork_the_orc, uniq_eustachio, uniq_natasha,
          uniq_ijyb
D:5:      temple_statues, first_ration, minmay_misc_feat_roman
